 Dungeon Crawl Stone Soup version 0.29-a0-1052-g6990b1bffc (webtiles) character file.

Game seed: 11094897572509748029

21777 gelatine the Thaumaturge (level 12, -32/84 HPs)
             Began as a Demonspawn Venom Mage on Aug 17, 2022.
             Was an Elder of Vehumet.
             Annihilated by an orc knight
             ... wielding a +0 battleaxe
              (40 damage)
             ... on level 2 of the Orcish Mines on Aug 18, 2022.
             The game lasted 01:15:52 (15901 turns).

gelatine the Thaumaturge (Demonspawn Venom Mage)   Turns: 15901, Time: 01:15:53

Health: -32/84     AC: 21    Str:  7    XL:     12   Next: 57%
Magic:  22/34      EV: 15    Int: 25    God:    Vehumet [****..]
Gold:   962        SH:  9    Dex: 23    Spells: 9/29 levels left

rFire   . . .      SeeInvis .   W - +7 lajatang "Byro Cent" {vorpal, MP+9 Dex+3}
rCold   . . .      Faith    .   (shield currently unavailable)
rNeg    + + .      Spirit   .   R - +3 steam dragon scales
rPois   +          Reflect  +   G - +2 hood of the Assassin {Detection Stab+ Stlth++}
rElec   .          Harm     .   y - +2 cloak
rCorr   .          Rampage  .   (gloves unavailable)
Will    +....                   Y - +1 pair of boots "Puakka" {rN++}
Stlth   ++++++....              A - amulet of Muennamivi {Reflect Int+6 SH+5}
HPRegen 0.24/turn               f - +4 ring of protection
MPRegen 0.48/turn               m - ring of poison resistance

@: no status effects
A: molten scales 1, magic regeneration, demonic magic 1, demonic touch 3, large
bone plates 1, agile 1, strong-willed 1
a: Renounce Religion


You were on level 2 of the Orcish Mines.
You worshipped Vehumet.
Vehumet was greatly pleased with you.
You visited 3 branches of the dungeon, and saw 15 of its levels.
You also visited: Sewer.

You collected 1131 gold pieces.
You spent 169 gold pieces at shops.

Inventory:

Hand Weapons
 v - a +0 triple crossbow
 D - a +2 dire flail of protection
 W - the +7 lajatang "Byro Cent" (weapon) {vorpal, MP+9 Dex+3}
   (You acquired it on level 9 of the Dungeon)

   It inflicts extra damage upon your enemies.
   Dex:       It affects your dexterity (+3).
   MP:        It affects your magic capacity (+9).
Missiles
 i - a throwing net
Armour
 a - a +2 robe of cold resistance
 k - a +0 robe of willpower
 y - a +2 cloak (worn)
 G - the +2 hood of the Assassin (worn) {Detection Stab+ Stlth++}
   (You acquired it on level 9 of the Dungeon)

   It allows the wearer to sense nearby creatures.
   It allows the wearer to make particularly effective stabbing attacks against
   helpless or unaware enemies with any weapon.
   Stlth:     It makes you much more stealthy.
 N - a +2 robe of positive energy
 R - +3 steam dragon scales (worn)
 Y - the +1 pair of boots "Puakka" (worn) {rN++}
   (You acquired it on level 9 of the Dungeon)

   rN:        It greatly protects you from negative energy.
Magical Staves
 U - a staff of earth
 V - a staff of cold
Jewellery
 c - a +6 ring of strength
 f - a +4 ring of protection (left hand)
 m - a ring of poison resistance (right hand)
 x - a ring of fire
 A - the amulet of Muennamivi (around neck) {Reflect Int+6 SH+5}
   (You took it off a gnoll on level 4 of the Dungeon)

   [amulet of reflection]

   It reflects blocked missile attacks.
   Int:       It affects your intelligence (+6).
   SH:        It affects your SH (+5).
 C - a ring of ice
Wands
 p - a wand of flame (30)
 s - a wand of light (8)
 E - a wand of polymorph (10)
 L - a wand of mindburst (9)
Scrolls
 e - a scroll of fear
 h - a scroll of magic mapping
 l - 3 scrolls of noise
 n - a scroll of torment
 r - a scroll of summoning
 z - a scroll of identify
 H - a scroll of poison {unknown}
Potions
 b - 2 potions of magic
 d - a potion of mutation
 g - 3 potions of lignification
 j - 3 potions of curing
 o - 2 potions of cancellation
 t - 2 potions of flight
 u - a potion of resistance
 w - 2 potions of attraction
 B - 5 potions of brilliance
 F - 7 potions of haste
 O - 2 potions of invisibility
 P - 4 potions of might
Miscellaneous
 q - a piece from Xom's chessboard (15/15)
 I - a lightning rod (4/4)


   Skills:
 + Level 4.4 Fighting
 + Level 1.0 Short Blades
 + Level 5.4(6.7) Maces & Flails
 + Level 6.2(7.2) Staves
 + Level 4.3 Dodging
 + Level 6.7 Stealth
 + Level 2.3 Shields
 + Level 9.2 Spellcasting
 + Level 5.1 Conjurations
 + Level 0.4 Hexes
 + Level 4.4 Transmutations
 + Level 5.4 Fire Magic
 + Level 1.7 Air Magic
 + Level 7.9 Poison Magic
 * Level 5.9 Evocations


You had 9 spell levels left.
You knew the following spells:

 Your Spells              Type           Power      Damage    Failure   Level
a - Dazzling Flash        Conj/Hex       50%        N/A       1%          3
b - Poisonous Vapours     Pois/Air       70%        N/A       1%          2
c - Foxfire               Conj/Fire      100%       2x1d9     1%          1
d - Olgreb's Toxic Radia  Pois           50%        N/A       1%          4
e - Mephitic Cloud        Conj/Pois/Air  36%        N/A       1%          3
f - Sticky Flame          Conj/Fire      37%        2d6       1%          4
g - Ignite Poison         Fire/Tmut/Pois 41%        N/A       1%          3

Your spell library contained the following spells:

 Spells                   Type           Power      Damage    Failure   Level
 Sting                    Tmut/Pois      100%       1d8       1%          1
 Conjure Flame            Conj/Fire      37%        6-21      1%          3
 Inner Flame              Hex/Fire       26%        N/A       1%          3
 Flame Wave               Conj/Fire      37%        2d10      1%          4
 Passwall                 Tmut/Erth      18%        N/A       3%          2
 Apportation              Tloc           22%        N/A       5%          1
 Summon Small Mammal      Summ           44%        N/A       5%          1
 Ensorcelled Hibernation  Hex/Ice        24%        N/A       8%          2
 Swiftness                Air            20%        N/A       8%          3
 Alistair's Intoxication  Tmut/Pois      28%        N/A       12%         5
 Summon Guardian Golem    Hex/Summ       12%        N/A       14%         3
 Call Canine Familiar     Summ           11%        N/A       16%         3
 Ozocubu's Armour         Ice            11%        N/A       16%         3
 Eringya's Noxious Bog    Tmut/Pois      21%        N/A       17%         6
 Borgnjor's Vile Clutch   Necr/Erth      5%         N/A       83%         5
 Ozocubu's Refrigeration  Ice            5%         4d8       100%        7


Dungeon Overview and Level Annotations

Branches:
Dungeon (12/15)            Temple (1/1) D:4            Lair (0/5) D:11
    Orc (2/2) D:12            Elf (0/3) Orc:2         Sewer (visited)

Altars:
Ashenzari
Cheibriados
Dithmenos
Fedhas
Gozag
Hepliaklqana
Kikubaaqudgha
Makhleb
Nemelex Xobeh
Okawaru
Qazlal
Ru
Sif Muna
Trog
Uskayaw
Vehumet
Wu Jian
Xom
Yredelemnul

Shops:
D:5 !*


Innate Abilities, Weirdness & Mutations

You are partially covered in molten scales. (AC +2)
You regenerate magic rapidly.
Spells you cast may paralyse adjacent enemies.
Your touch may irresistibly damage your foes and sap their willpower.
You are partially covered in large bone plates. (SH +4)
You are agile. (Dex +4, Str/Int -1)
You are strong-willed. (Will+)


Message History

The orc knight wields a +0 arbalest.
The orc knight shoots a bolt.
The bolt completely misses you.
The orc knight shouts!
Casting: Dazzling Flash (safe; 1% risk of failure)
Confirm with . or Enter, or press ? or * to list all spells.
You begin to radiate toxic energy.
The orc knight is poisoned. x2
Malevolent energies surge around you.
The orc knight looks even sicker. x4
An orc knight comes into view. It is wielding a +2 vorpal war axe.
The orc knight hits you with a +0 great sword!
Casting: Olgreb's Toxic Radiance (mildly dangerous; 1% risk of failure)
Confirm with . or Enter, or press ? or * to list all spells.
You ignite the poison in your surroundings!
The orc knight seems to burn from within!
The orc knight is almost dead.
The orc knight seems to burn from within!!!
You kill the orc knight!
Vehumet accepts your kill.
You feel your power returning.
The orc knight seems to burn from within!
The orc knight is severely wounded.
The orc knight seems to burn from within!!
The orc knight is heavily wounded.
The orc knight seems to burn from within!!
You kill the orc knight!
Vehumet accepts your kill. Malevolent energies surge around you.
The orc knight is poisoned. x4
Your toxic aura wanes.
An orc high priest comes into view. It is wielding a +1 trident of venom.
The orc knight hits you with a +0 great sword!!
The orc knight barely misses you.
You hit the orc knight.
The orc knight is almost dead.
The orc knight is no longer blind.
The orc knight hits you with a +0 great sword!!
* * * LOW HITPOINT WARNING * * *
The orc knight looks more healthy.
The orc knight hits you with a +0 great sword!
* * * LOW HITPOINT WARNING * * *
The orc knight hits you with a +0 battleaxe!!!
You die...

..####........###
..........##.##
..........##).#
.........###..#
..###...## ##.#
####### #''# ##...
#####..###{{
#....o#o..#....+{{
+....oo.@.'....+{{
#.....#o..######{{
##... ##### #..{
#.. #. #


You could see 5 orc knights.

Vanquished Creatures
  Josephine (D:10)
  Harold (D:9)
  A hydra (D:10)
  Erolcha (D:9)
  A boulder beetle (D:12)
  2 two-headed ogres
  Pikel (D:6)
  An orc sorcerer (Orc:2)
  5 orc knights
  A deep elf pyromancer (D:12)
  A cyclops (D:11)
  A moth of wrath (D:9)
  An elephant (D:11)
  A gargoyle (D:12)
  2 unseen horrors
  A kobold demonologist (D:7)
  A freezing wraith (D:11)
  2 trolls
  Grinder (D:4)
  7 saltlings (Orc:2)
  2 hornets
  2 shadows
  Sigmund (D:6)
  2 wyverns
  9 yaks (D:11)
  5 wraiths (D:10)
  A steam dragon (D:6)
  A vampire (D:12)
  3 vampire mosquitoes
  Edmund (D:4)
  A water moccasin (D:5)
  13 orc warriors
  2 black bears (D:11)
  2 sky beasts
  4 ogres
  3 centaurs
  3 phantoms
  Blork the orc (D:5)
  4 bullfrogs
  2 gnoll sergeants
  3 scorpions
  5 kobold brigands
  2 necrophages (D:6)
  A wight (D:8)
  6 killer bees (D:8)
  9 howler monkeys
  2 lava snakes (D:7)
  3 hounds
  4 jellies
  4 gnoll boudas
  7 orc priests
  An iguana (D:5)
  Natasha (thrice) (D:4)
  12 orc wizards
  2 killer bee zombies (D:8)
  28 gnolls
  13 adders
  7 river rats (Sewer)
  A shadow imp (D:8)
  2 white imps
  3 worms (D:9)
  4 dart slugs
  50 orcs
  8 endoplasms
  3 giant cockroaches
  7 goblins
  5 hobgoblins
  11 jackals
  33 kobolds
  2 quokkas
  17 ball pythons
  2 bats
  5 frilled lizards
  19 rats
379 creatures vanquished.

Vanquished Creatures (collateral kills)
  A foxfire (Orc:2)
1 creature vanquished.

Vanquished Creatures (others)
  An orc wizard (D:12)
  872 foxfires
  4 fungi (D:11)
  A pillar of salt (Orc:2)
  A plant (D:1)
879 creatures vanquished.

Grand Total: 1259 creatures vanquished

Notes
Turn   | Place    | Note
-------+----------+-------------------------------------------
     0 | D:1      | gelatine the Demonspawn Venom Mage began the quest for the
                  | Orb.
     0 | D:1      | Reached XP level 1. HP: 13/13 MP: 3/3
   321 | D:1      | Reached skill level 1 in Transmutations
   409 | D:1      | Gained mutation: You regenerate magic rapidly. [demonic
                  | ancestry]
   409 | D:1      | Reached XP level 2. HP: 4/19 MP: 1/5
  1097 | D:1      | Gained mutation: Spells you cast may paralyse adjacent
                  | enemies. [demonic ancestry]
  1097 | D:1      | Reached XP level 3. HP: 24/24 MP: 3/6
  1792 | D:1      | Found a faded altar of an unknown god.
  2160 | D:2      | Gained mutation: You are partially covered in molten
                  | scales. (AC +2) [demonic ancestry]
  2160 | D:2      | Reached XP level 4. HP: 26/30 MP: 5/8
  2245 | D:2      | Found a hide-covered altar of Uskayaw.
  2769 | D:3      | Reached skill level 3 in Spellcasting
  2813 | D:3      | Gained mutation: Your touch may inflict minor irresistible
                  | damage on your foes. [demonic ancestry]
  2813 | D:3      | Reached XP level 5. HP: 15/36 MP: 9/9
  3423 | D:3      | Learned a level 2 spell: Poisonous Vapours
  3429 | D:4      | Reached skill level 1 in Short Blades
  3465 | D:4      | Reached skill level 1 in Fighting
  3526 | D:4      | Gained mutation: Your touch may inflict irresistible damage
                  | on your foes. [demonic ancestry]
  3526 | D:4      | Reached XP level 6. HP: 30/43 MP: 4/11
  3579 | D:4      | Noticed Grinder
  3597 | D:4      | Killed Grinder
  3627 | D:4      | Reached skill level 1 in Maces & Flails
  3804 | D:4      | Reached skill level 4 in Spellcasting
  3804 | D:4      | Reached XP level 7. HP: 43/48 MP: 8/13
  3841 | D:4      | Identified the amulet of Muennamivi {Reflect Int+6 SH+5}
  3981 | D:4      | Noticed Natasha
  3988 | D:4      | Killed Natasha
  4069 | D:4      | Noticed Natasha
  4087 | D:4      | Killed Natasha
  4168 | D:4      | Noticed Natasha
  4175 | D:4      | Killed Natasha
  4228 | D:4      | Reached skill level 5 in Poison Magic
  4232 | D:4      | Found a staircase to the Ecumenical Temple.
  4341 | D:4      | Noticed Edmund
  4348 | D:4      | Killed Edmund
  4491 | D:4      | Learned a level 1 spell: Foxfire
  4569 | D:5      | Entered Level 5 of the Dungeon
  4603 | D:4      | Reached XP level 8. HP: 24/54 MP: 9/14
  5152 | D:5      | Found a blossoming altar of Fedhas.
  5268 | D:5      | Noticed Blork the orc
  5289 | D:5      | Killed Blork the orc
  5492 | D:5      | Found Tusen's Distillery.
  5603 | D:5      | Reached skill level 5 in Spellcasting
  5801 | D:5      | Found Pusith's Serpentskin Sales.
  6002 | D:5      | Bought a potion of heal wounds for 65 gold pieces
  6093 | D:6      | Noticed Pikel
  6104 | D:6      | Killed Pikel
  6105 | D:6      | Reached skill level 5 in Stealth
  6105 | D:6      | Reached skill level 1 in Shields
  6105 | D:6      | Reached XP level 9. HP: 61/61 MP: 11/17
  6203 | D:6      | Reached skill level 1 in Fire Magic
  6218 | D:6      | Noticed Sigmund
  6231 | D:6      | Killed Sigmund
  6256 | D:6      | Found a glowing drain.
  6269 | Sewer    | Entered a sewer
  6694 | Sewer    | Reached skill level 1 in Conjurations
  7049 | D:6      | Found a hazy altar of Hepliaklqana.
  7217 | D:6      | Reached skill level 6 in Spellcasting
  7395 | D:6      | Gained mutation: You are frail. (-10% HP) [potion of
                  | mutation]
  7395 | D:6      | Gained mutation: You are agile. (Dex +4, Str/Int -1)
                  | [potion of mutation]
  7543 | D:6      | Found a broken altar of Ashenzari.
  7881 | Temple   | Entered the Ecumenical Temple
  8053 | Temple   | Became a worshipper of Vehumet
  8256 | D:7      | Noticed a kobold demonologist
  8266 | D:7      | Killed a kobold demonologist
  8466 | D:7      | Identified the +7 halberd of Yfim {venom, rF- Dex+7}
  8624 | D:7      | Lost mutation: You are frail. (-10% HP) [potion of
                  | mutation]
  8624 | D:7      | Lost mutation: You are agile. (Dex +4, Str/Int -1) [potion
                  | of mutation]
  8624 | D:7      | Gained mutation: You have a pair of small horns on your
                  | head. [potion of mutation]
  8624 | D:7      | Gained mutation: Your magical capacity is low. (-10% MP)
                  | [potion of mutation]
  9170 | D:8      | Paralysed by a hornet for 2 turns
  9175 | D:8      | Reached XP level 10. HP: 24/69 MP: 15/17
  9617 | D:8      | Reached skill level 5 in Maces & Flails
  9618 | D:8      | Reached * piety under Vehumet
  9618 | D:8      | Offered knowledge of Freeze by Vehumet.
  9845 | D:8      | Found a basalt altar of Yredelemnul.
  9951 | D:8      | Found an iron altar of Okawaru.
 10187 | D:9      | Identified 2 scrolls of acquirement
 10187 | D:9      | Acquired the +7 lajatang "Byro Cent" {vorpal, MP+9 Dex+3}
 10473 | D:5      | Bought a potion of mutation for 104 gold pieces
 10473 | D:5      | Lost mutation: You have a pair of small horns on your head.
                  | [potion of mutation]
 10473 | D:5      | Lost mutation: Your magical capacity is low. (-10% MP)
                  | [potion of mutation]
 10473 | D:5      | Gained mutation: You are agile. (Dex +4, Str/Int -1)
                  | [potion of mutation]
 10473 | D:5      | Gained mutation: You are strong-willed. (Will+) [potion of
                  | mutation]
 10473 | D:5      | Gained mutation: You are partially covered in large bone
                  | plates. (SH +4) [potion of mutation]
 10558 | D:9      | Learned a level 4 spell: Olgreb's Toxic Radiance
 10562 | D:9      | Learned a level 3 spell: Mephitic Cloud
 10595 | D:9      | Noticed a moth of wrath
 10645 | D:9      | Found a bloodstained altar of Trog.
 10645 | D:9      | Killed a moth of wrath
 10853 | D:9      | Reached skill level 1 in Air Magic
 10879 | D:9      | Acquired the +2 hood of the Assassin {Detection Stab+
                  | Stlth++}
 10879 | D:9      | Found the +2 hood of the Assassin {Detection Stab+ Stlth++}
 10893 | D:9      | Offered knowledge of Magic Dart by Vehumet.
 10904 | D:9      | Acquired the +1 pair of boots "Puakka" {rN++}
 10946 | D:9      | Reached ** piety under Vehumet
 10975 | D:9      | Reached skill level 7 in Spellcasting
 10980 | D:9      | Killed Erolcha
 10981 | D:9      | Reached skill level 1 in Staves
 11200 | D:9      | Noticed Harold
 11221 | D:9      | HP: 2/70 [something (5)]
 11248 | D:9      | Killed Harold
 12085 | D:10     | Entered Level 10 of the Dungeon
 12167 | D:10     | Reached skill level 1 in Evocations
 12206 | D:10     | Noticed Josephine
 12230 | D:10     | Killed Josephine
 12231 | D:10     | Gained mutation: Your touch may irresistibly damage your
                  | foes and sap their willpower. [demonic ancestry]
 12231 | D:10     | Reached XP level 11. HP: 44/75 MP: 22/22
 12558 | D:10     | Noticed an eight-headed hydra
 12575 | D:10     | Killed an eight-headed hydra
 12625 | D:10     | Identified the +3 leather armour "Unwoycut" {*Corrode
                  | +Blink rElec Str-5}
 12673 | D:10     | Noticed a two-headed ogre
 12683 | D:10     | Killed a two-headed ogre
 13227 | D:10     | Found a snail-covered altar of Cheibriados.
 13405 | D:11     | Reached skill level 8 in Spellcasting
 13618 | D:11     | Reached skill level 5 in Fire Magic
 13749 | D:11     | Found a staircase to the Lair.
 13970 | D:12     | Noticed a deep elf pyromancer
 13974 | D:12     | Offered knowledge of Dazzling Flash by Vehumet.
 13981 | D:12     | Killed a deep elf pyromancer
 13989 | D:12     | Learned a level 3 spell: Dazzling Flash
 14135 | D:12     | Reached *** piety under Vehumet
 14148 | D:12     | Noticed a boulder beetle
 14164 | D:12     | Killed a boulder beetle
 14322 | D:12     | Reached XP level 12. HP: 79/83 MP: 24/24
 14377 | D:12     | Offered knowledge of Sticky Flame by Vehumet.
 14383 | D:12     | Learned a level 4 spell: Sticky Flame
 14393 | D:12     | Found a staircase to the Orcish Mines.
 14414 | Orc:1    | Entered Level 1 of the Orcish Mines
 14465 | Orc:1    | Reached skill level 5 in Staves
 14884 | Orc:2    | Entered Level 2 of the Orcish Mines
 14904 | Orc:2    | Reached skill level 5 in Evocations
 14956 | Orc:2    | Reached **** piety under Vehumet
 15035 | Orc:2    | Found a staircase to the Elven Halls.
 15133 | Orc:2    | Reached skill level 5 in Conjurations
 15499 | Orc:2    | Offered knowledge of Ignite Poison by Vehumet.
 15504 | Orc:2    | Learned a level 3 spell: Ignite Poison
 15530 | Orc:2    | Reached skill level 9 in Spellcasting
 15859 | Orc:2    | Noticed a two-headed ogre
 15865 | Orc:2    | Killed a two-headed ogre
 15899 | Orc:2    | Noticed an orc high priest
 15901 | Orc:2    | Annihilated by an orc knight

Illustrated notes

Levels and vault maps discovered:
D:1:      lordsloth_arrival_two_stooges, layout_basic,
          shapermc_ecumenical_altar_petra, grunt_decor_junction
D:2:      layout_basic, basic_altar, minmay_tromino_v4_c
D:3:      layout_rooms, tso_oasis_becter, minmay_misc_feat_doors
D:4:      layout_loops_ring, minmay_temple_entry_nine_rooms, uniq_natasha,
          uniq_grinder, uniq_edmund
D:5:      layout_basic, kennysheep_mini_moat, serial_shops, shop, minivault_23,
          guppyfry_shop_venom, uniq_blork_the_orc
D:6:      layout_loops_ring, mainiacjoe_overflow_six_doors_small,
          nicolae_ashenzari_panopticon, cheibrodos_sewer_entry_sluice,
          kennysheep_dice, uniq_pikel, uniq_sigmund
D:7:      layout_basic, kennysheep_minor_cross, nicolae_kite_square_tiling_tiny
D:8:      layout_cave_pools, lemuel_zombie_altar_yredelemnul, okawaru_trees_1,
          enter_bailey_2, kennysheep_small_square
D:9:      layout_basic, tgw_trog, uniq_erolcha, uniq_harold
D:10:     layout_stronghold, lemuel_tele_altar, mainiacjoe_overflow_24_doors,
          uniq_josephine
D:11:     layout_basic, david_lair_generic
D:12:     layout_roguey, david_orc_4, nicolae_sextant, st_stairs_2
Temple:   nicolae_temple_bog_church
Orc:1:    layout_diamond_mine, serial_shops, nicolae_shop_overgrown_old_shop
Orc:2:    hellmonk_orc_salted, layout_caves

Skill      XL: |  1  2  3  4  5  6  7  8  9 10 11 12 |
---------------+-------------------------------------+-----
Transmutations | 1 2 3 4 |  4.4
Dodging        | 2 3 4 |  4.3
Stealth        | 2 3 4 5 6 |  6.7
Spellcasting   | 3 4 5 6 7 8 9 |  9.2
Poison Magic   | 4 5 6 7 |  7.9
Short Blades   | 1 |  1.0
Fighting       | 1 2 3 4 |  4.4
Maces & Flails | 1 2 3 4 5 |  5.4
Shields        | 1 2 |  2.3
Fire Magic     | 3 4 5 |  5.4
Conjurations   | 1 3 4 5 |  5.1
Air Magic      | 1 |  1.7
Staves         | 2 4 6 |  6.2
Evocations     | 1 4 5 |  5.9
Hexes          | |  0.4

Action                   |  1- 3 |  4- 6 |  7- 9 | 10-12 || total
-------------------------+-------+-------+-------+-------++-------
Melee: Dagger            |    56 |    45 |       |       ||   101
       Unarmed           |     8 |       |       |       ||     8
       Punch             |       |     1 |     1 |       ||     2
       Mace              |       |    11 |    45 |       ||    56
       Touch             |       |     7 |    19 |       ||    26
       Whip              |       |    10 |    40 |       ||    50
       Dire flail        |       |       |    75 |    40 ||   115
       Headbutt          |       |       |     3 |     6 ||     9
       Lajatang          |       |       |       |   243 ||   243
 Cast: Sting             |    60 |    88 |    96 |     1 ||   245
       Poisonous Vapours |       |       |    10 |    21 ||    31
       Foxfire           |       |       |   183 |   320 ||   503
       Olgreb's Toxic Ra |       |       |       |    41 ||    41
       Mephitic Cloud    |       |       |       |     7 ||     7
       Dazzling Flash    |       |       |       |    17 ||    17
       Ignite Poison     |       |       |       |     7 ||     7
       Sticky Flame      |       |       |       |     1 ||     1
Evoke: Wand              |       |       |       |     2 ||     2
  Use: Scroll            |     4 |     4 |     6 |    23 ||    37
       Potion            |       |     1 |     4 |     6 ||    11
 Stab: Paralysed         |     7 |    15 |    41 |    27 ||    90
       Sleeping          |     1 |       |     1 |     2 ||     4
       Distracted        |       |       |       |     1 ||     1
       Invisible         |       |       |       |     4 ||     4
       Confused          |       |       |       |     1 ||     1
Armor: Robe              |    20 |    11 |    58 |       ||    89
       Skin              |       |    48 |       |       ||    48
       Steam dragon scal |       |       |    16 |   120 ||   136
Dodge: Dodged            |    52 |    30 |   118 |   150 ||   350
Block: Other             |       |       |    57 |    94 ||   151
       Reflection        |       |       |     1 |     7 ||     8

Table legend: (Time is in decaauts)
 A = Elapsed time spent in this place.
 B = Non-inter-level travel time spent in this place.
 C = Inter-level travel time spent in this place.
 D = Time resting spent in this place.
 E = Time spent auto-exploring this place.
 F = Levels seen in this place.
 G = Mean time per level.
                   A        B        C        D        E       F      G
               +--------+--------+--------+--------+--------+-----+--------+
         Total |  16018 |  14818 |   1200 |   1027 |  10407 |  16 | 1001.1 |
       Dungeon |  13755 |  12619 |   1136 |    953 |   8928 |  12 | 1146.2 |
        Temple |    191 |    164 |     27 |      0 |    152 |   1 |  191.0 |
  Orcish Mines |   1310 |   1273 |     37 |     74 |    818 |   2 |  655.0 |
         Sewer |    760 |    760 |      0 |      0 |    509 |   1 |  760.0 |
               +--------+--------+--------+--------+--------+-----+--------+

Top non-repeatable levels by time:
     D:1: 1854 daAuts
     D:4: 1557 daAuts
     D:9: 1397 daAuts
     D:7: 1266 daAuts
     D:5: 1237 daAuts
     D:8: 1223 daAuts
    D:10: 1214 daAuts
     D:6: 1128 daAuts
   Orc:2: 1021 daAuts
     D:3: 884 daAuts
   Sewer: 760 daAuts
     D:2: 679 daAuts
    D:12: 657 daAuts
    D:11: 655 daAuts
   Orc:1: 288 daAuts
